 Dungeon Crawl Stone Soup version 0.17-a0-1741-gd5e8965 (webtiles) character file.

17467 4thArraOfDagon the Cleaver (level 12, -8/162 HPs)
             Began as a Human Berserker on Aug 31, 2015.
             Was a High Priest of Trog.
             Mangled by an orc knight
             ... wielding a +0 war axe of chopping
              (10 damage)
             ... on level 1 of the Orcish Mines.
             The game lasted 00:26:12 (4642 turns).

4thArraOfDagon the Cleaver (Human Berserker)        Turns: 4642, Time: 00:26:12

Health: -8/162     AC: 20    Str: 35    XL:     12   Next: 83%
Magic:  0/12       EV: 10    Int: 10    God:    Trog [*****.]
Gold:   280        SH:  0    Dex: 15    Spells: 0 memorised, 11 levels left

rFire  . . .     SeeInvis .     y - +2 war axe (venom)
rCold  . . .     Clarity  .     A - +4 chain mail
rNeg   . . .     SustAt   .     (no shield)
rPois  .         Gourm    .     (no helmet)
rElec  .         Spirit   +     (no cloak)
rCorr  .         Warding  .     N - +1 pair of gloves {Str+3}
rMut   .         Stasis   .     K - +1 pair of boots {Fly}
MR     ++...                    C - amulet of guardian spirit
Stlth  ..........               b - +3 ring of intelligence
                                F - +4 ring of strength

@: berserking (expiring), regenerating, very quick, very resistant to hostile
enchantments, extremely unstealthy
A: thin skeletal structure 1, robust 1
a: Burn Spellbooks, Berserk, Trog's Hand, Brothers in Arms, Renounce Religion,
Evoke Flight


You were on level 1 of the Orcish Mines.
You worshipped Trog.
Trog was extremely pleased with you.
You were not hungry.

You visited 2 branches of the dungeon, and saw 15 of its levels.
You also visited: Sewer and Ice Cave.

You collected 518 gold pieces.
You spent 238 gold pieces at shops.

Inventory:

Hand weapons
 w - a +0 war axe
 y - a +2 war axe of venom (weapon)
 M - a +0 giant club
Armour
 A - a +4 chain mail (worn)
 K - a +1 pair of boots of flying (worn)
 N - a +1 pair of gloves of strength (worn)
Rods
 d - a +4 rod of ignition (11/11)
   (You found it on level 11 of the Dungeon)
Jewellery
 a - an uncursed ring of flight
 b - a +3 ring of intelligence (right hand)
 p - an uncursed amulet of stasis
 C - an amulet of guardian spirit (around neck)
 F - a +4 ring of strength (left hand)
Scrolls
 e - a scroll of teleportation
 g - a scroll of enchant weapon
 k - a scroll of fog
 o - a scroll of fear
 z - 4 scrolls of enchant armour
Potions
 l - 6 potions of flight
 m - 5 potions of resistance {unknown}
 n - 2 potions of poison {unknown}
 q - a potion of might {unknown}
 s - a potion of haste {unknown}
 t - a potion of magic
 v - a potion of curing
 I - a potion of heal wounds
 L - 2 potions of agility
Books
 r - a book of Unlife

   Spells                             Type                      Level
   a - Recall                         Summoning/Translocation      3
   b - Animate Dead                   Necromancy                   4
   c - Control Undead                 Necromancy                   4
   d - Cigotuvi's Embrace             Necromancy                   5
   e - Death Channel                  Necromancy                   6
   f - Simulacrum                     Ice/Necromancy               6
   Trog disapproves of the use of such an item.
Comestibles
 c - 6 bread rations
 f - 5 chunks of flesh
 u - 11 slices of pizza
 D - 3 meat rations


   Skills:
 + Level 10.6 Fighting
 * Level 14.1 Axes
 + Level 10.2 Armour
 - Level 2.0 Dodging


You had 11 spell levels left.
You didn't know any spells.

Dungeon Overview and Level Annotations

Branches:
Dungeon (13/15)            Temple (0/1) D:7            Lair (0/8) D:8
    Orc (2/4) D:12
 Vaults: D:13-14

Altars:
Ashenzari
Cheibriados
Elyvilon
Makhleb
Nemelex Xobeh
Ru
Vehumet
Jiyva

Shops:
D:4 [   D:5 (   D:6 [   D:8 [   D:11 :[=   D:13 *

Annotations:
Orc:1 Blork the orc


Innate Abilities, Weirdness & Mutations

You have a somewhat thin skeletal structure (Dex +2, Stealth).
You are robust (+10% HP).


Message History

The orc warrior hits you from afar with a halberd!!
* * * LOW HITPOINT WARNING * * *
The orc knight hits you but does no damage.
Unknown command.
You slice Urug!!
You kill Urug!
Trog accepts your kill.
You barely miss the orc knight.
The orc knight is severely wounded.
Blork the orc completely misses you.
The orc warrior hits you from afar with a halberd!
* * * LOW HITPOINT WARNING * * *
Unknown command.
Unknown command.
You slash the orc knight!
The orc knight is almost dead.
The orc warrior hits you from afar with a halberd.
* * * LOW HITPOINT WARNING * * *
The orc knight hits you with a war axe of chopping!
You die...

..... #....
#....##
#.....#######
#.....#.....
#.....o.....
#...))o..##
#.@)o..#
#....o)...##
#(...........
#$............
#..$..........
#...$.$#.#....
#....######.$.
....# ...


You could see an orc knight, Blork the orc (frenzied) and 2 orc warriors.

Vanquished Creatures
  An ogre mage (D:13)
  Erica (Orc:1)
  2 centaur warriors (D:13)
  Urug (Orc:1)
  3 ice statues (IceCv)
  Pikel (D:9)
  4 hill giants
  An orc knight (Orc:1)
  A cyclops (D:13)
  A necromancer (IceCv)
  An ugly thing (D:13)
  A kobold demonologist (D:11)
  A blue devil (IceCv)
  A vampire (D:13)
  A spriggan (D:8)
  5 yaks
  A deep elf mage (D:9)
  A deep elf fighter (D:8)
  4 wraiths
  A vampire mosquito (D:13)
  A hippogriff (D:9)
  2 shadows (D:13)
  9 orc warriors
  2 black bears
  An eye of draining (D:9)
  A water moccasin (D:9)
  3 ice beasts
  3 sky beasts
  4 slaves (D:9)
  4 centaurs
  8 ogres
  3 big kobolds
  2 crocodiles
  2 giant frogs
  A water moccasin zombie (D:6)
  13 killer bees
  2 wights (D:8)
  2 scorpions
  A crimson imp (D:7)
  2 centaur zombies
  A giant frog zombie (D:8)
  A quasit (D:6)
  6 orc priests
  2 giant frog skeletons
  An iron imp (D:8)
  A jelly (D:4)
  6 worker ants
  2 centaur skeletons
  10 orc wizards
  2 sheep (D:13)
  9 adders
  2 river rats (D:8)
  7 oozes
  2 adder zombies (D:6)
  4 worms (Sewer)
  71 orcs
  2 ball pythons (Sewer)
  15 bats
  5 giant cockroaches
  A hobgoblin (D:1)
  8 jackals
  10 kobolds
  A quokka (D:5)
  6 giant geckos
  A giant newt (Sewer)
  3 goblins (D:3)
  A jackal skeleton (D:8)
  A quokka skeleton (D:6)
  8 rats (D:8)
  2 fungi (D:8)
290 creatures vanquished.

Vanquished Creatures (collateral kills)
  A hill giant (D:13)
  An ugly thing (D:13)
  A vampire mosquito (D:13)
  A centaur (D:13)
4 creatures vanquished.

Vanquished Creatures (others)
  A cyclops (D:13)
1 creature vanquished.

Grand Total: 295 creatures vanquished

Notes
Turn   | Place    | Note
--------------------------------------------------------------
     0 | D:1      | 4thArraOfDagon the Human Berserker began the quest for the Orb.
     0 | D:1      | Reached XP level 1. HP: 18/18 MP: 1/1
   108 | D:2      | Found a burning altar of Makhleb.
   108 | D:2      | Noticed a cacodemon
   111 | D:2      | Noticed a smoke demon
   111 | D:2      | Noticed an orange demon
   158 | D:3      | Reached XP level 2. HP: 24/24 MP: 2/2
   164 | D:3      | Noticed an orc priest
   171 | D:3      | Killed an orc priest
   171 | D:3      | Reached XP level 3. HP: 13/29 MP: 3/3
   172 | D:3      | Reached XP level 4. HP: 15/35 MP: 4/4
   321 | D:3      | Acquired Trog's second power
   332 | D:3      | Reached skill level 4 in Axes
   409 | D:3      | Found a glowing drain.
   421 | Sewer    | Entered a sewer
   441 | Sewer    | Reached XP level 5. HP: 24/42 MP: 5/5
   978 | D:4      | Found a viscous altar of Jiyva.
   994 | D:4      | Reached XP level 6. HP: 49/49 MP: 6/6
  1027 | D:4      | Found Wiumuf's Antique Armour Emporium.
  1084 | D:5      | Entered Level 5 of the Dungeon
  1102 | D:5      | Reached skill level 5 in Axes
  1161 | D:5      | Found Usedisum's Antique Weapon Shoppe.
  1169 | D:5      | :D
  1265 | D:6      | Noticed an ice beast
  1298 | D:6      | Killed an ice beast
  1298 | D:6      | Reached XP level 7. HP: 50/55 MP: 7/7
  1298 | D:6      | Reached skill level 5 in Fighting
  1327 | D:6      | Found Lurelin's Antique Armour Boutique.
  1331 | D:6      | Bought a pair of glowing boots for 112 gold pieces
  1356 | D:6      | Reached skill level 6 in Axes
  1578 | D:3      | Noticed an ogre
  1586 | D:3      | Killed an ogre
  1586 | D:3      | Reached XP level 8. HP: 58/62 MP: 8/8
  1858 | D:6      | Noticed a black bear
  1864 | D:6      | Killed a black bear
  1870 | D:7      | Found a staircase to the Ecumenical Temple.
  1897 | D:8      | Reached skill level 7 in Axes
  1903 | D:8      | Reached skill level 5 in Armour
  1911 | D:8      | Reached skill level 8 in Axes
  1911 | D:8      | Reached XP level 9. HP: 70/70 MP: 9/9
  1912 | D:8      | Acquired Trog's third power
  1953 | D:8      | Found a staircase to the Lair.
  2034 | D:6      | Noticed a sky beast
  2041 | D:6      | Killed a sky beast
  2059 | D:6      | Noticed an ice beast
  2072 | D:6      | Killed an ice beast
  2095 | D:6      | Got a pitted plate armour
  2096 | D:6      | Gained mutation: Your magical capacity is low (-10% MP). [mutagenic meat]
  2097 | D:6      | Gained mutation: You are robust (+10% HP). [mutagenic meat]
  2098 | D:6      | Gained mutation: You have a somewhat thin skeletal structure (Dex +2, Stealth). [mutagenic meat]
  2100 | D:6      | Lost mutation: Your magical capacity is low (-10% MP). [mutagenic meat]
  2155 | D:6      | Identified the +0 plate armour "Zylig" {rElec} (You found it on level 6 of the Dungeon)
  2167 | D:6      | :(
  2198 | D:7      | Reached skill level 9 in Axes
  2260 | D:8      | Found Aqotir's Antique Armour Shop.
  2298 | D:8      | Noticed a spriggan
  2309 | D:8      | Killed a spriggan
  2354 | D:8      | Found a snail-covered altar of Cheibriados.
  2398 | D:8      | Reached XP level 10. HP: 59/86 MP: 7/10
  2500 | D:8      | Reached skill level 10 in Axes
  2577 | D:9      | Noticed a hill giant
  2581 | D:9      | Noticed Pikel
  2587 | D:9      | Killed a hill giant
  2593 | D:9      | Killed Pikel
  2827 | D:9      | Reached skill level 11 in Axes
  2927 | D:9      | Found a radiant altar of Vehumet.
  2928 | D:9      | Found a sparkling altar of Nemelex Xobeh.
  2928 | D:9      | Found a shattered altar of Ashenzari.
  2929 | D:9      | Found a white marble altar of Elyvilon.
  2929 | D:9      | Found a sacrificial altar of Ru.
  2960 | D:10     | Entered Level 10 of the Dungeon
  2991 | D:10     | Noticed a hill giant
  3000 | D:10     | Killed a hill giant
  3060 | D:11     | Found Yfuel's Book Shop.
  3125 | D:10     | Noticed a hill giant
  3132 | D:10     | Killed a hill giant
  3132 | D:10     | Reached XP level 11. HP: 95/95 MP: 11/11
  3202 | D:11     | Found Qiladix's Antique Armour Boutique.
  3213 | D:11     | Bought a pair of runed gloves for 126 gold pieces
  3343 | D:11     | Received a gift from Trog
  3370 | D:11     | Found Omminas's Jewellery Shop.
  3490 | D:13     | Identified a +4 rod of ignition (11/11) (You found it on level 11 of the Dungeon)
  3510 | D:13     | Reached skill level 12 in Axes
  3549 | D:13     | Found Qaumer's General Store.
  3562 | D:13     | Found a frozen archway.
  3606 | IceCv    | Entered an ice cave
  3686 | IceCv    | Noticed an ice statue
  3686 | IceCv    | Noticed an ice statue
  3693 | IceCv    | Killed an ice statue
  3737 | IceCv    | Killed an ice statue
  3780 | IceCv    | Noticed an ice statue
  3818 | IceCv    | Noticed an ice statue
  3828 | IceCv    | Noticed a necromancer
  3833 | IceCv    | Killed a necromancer
  3836 | IceCv    | Killed an ice statue
  3841 | IceCv    | Got a shimmering plate armour
  3872 | D:13     | Identified the +0 plate armour "Atim" {+Fly} (You found it in an ice cave)
  3874 | D:13     | :(
  3890 | D:13     | Noticed a brown ugly thing
  3890 | D:13     | Noticed a hill giant
  3891 | D:13     | Noticed a cyan ugly thing
  3893 | D:13     | Noticed an ogre mage
  3926 | D:13     | Noticed a centaur warrior
  3928 | D:13     | Noticed a cyclops
  3932 | D:13     | Killed a hill giant
  3936 | D:13     | Killed a cyan ugly thing
  3939 | D:13     | Killed a cyan ugly thing
  3940 | D:13     | Noticed a centaur warrior
  3941 | D:13     | Killed a centaur warrior
  3941 | D:13     | Reached XP level 12. HP: 106/106 MP: 10/12
  3946 | D:13     | Killed an ogre mage
  3946 | D:13     | Reached skill level 13 in Axes
  3956 | D:13     | Killed a cyclops
  3980 | D:13     | Killed a centaur warrior
  3980 | D:13     | Reached skill level 10 in Fighting
  4164 | D:13     | Noticed a cyclops
  4173 | D:13     | Killed a cyclops
  4293 | D:12     | Found a staircase to the Orcish Mines.
  4294 | D:12     | Noticed a hill giant
  4308 | D:12     | Killed a hill giant
  4375 | D:12     | Reached skill level 10 in Armour
  4434 | Orc:1    | Entered Level 1 of the Orcish Mines
  4624 | Orc:1    | Noticed Blork the orc
  4624 | Orc:1    | Noticed Urug
  4624 | Orc:1    | Noticed Erica
  4633 | Orc:1    | Killed Erica
  4634 | Orc:1    | Reached skill level 14 in Axes
  4641 | Orc:1    | Killed Urug
  4641 | Orc:1    | HP: 2/162 [orc warrior/halberd (10)]
  4642 | Orc:1    | Mangled by an orc knight

Vault maps used:
D:1:      lemuel_arrival_lava_pool
D:2:      nicolae_dithmenos_shadow_blocks, minivault_4,
          makhleb_altar_promises_db
D:3:      portal_sewer_entry_d
D:4:      serial_shops, nicolae_shop_overgrown_old_shop, jiyva_altar_1
D:5:      serial_shops, nicolae_shop_temple_entry_statues_fountains,
          first_bread, minivault_25, uniq_duvessa, uniq_edmund, uniq_grinder
D:6:      serial_shops, nicolae_shop_trees, uniq_crazy_yiuf_cottage,
          uniq_menkaure
D:7:      minmay_temple_entry_from_below_b, serial_shops, shop
D:8:      slow_altar_2, grunt_lair_entry_elf_guard_hut, serial_shops, shop,
          grunt_pizzeria, nemelex_dance_club_becter
D:9:      kennysheep_six_static_rooms, grunt_temple_overflow_open, uniq_pikel
D:11:     serial_shops, shop, nicolae_shop_statue_plus, shop
D:12:     david_orc_2, serial_shops, shop, basic_altar, minivault_4,
          roderic_lattice_a, nemelex_diamond_rough_becter, uniq_josephine,
          uniq_azrael, uniq_nessos, uniq_sonja
D:13:     serial_shops, shop, portal_ice_cave_entry_pillars_01, minivault_28
Orc:1:    serial_shops, shop, nicolae_volcano_entry_batcave, sword_in_stone,
          uniq_erica, uniq_harold
Sewer:    sewer_fruit_machine
IceCv:    ice_cave_tombish

Action                   |  1- 3 |  4- 6 |  7- 9 | 10-12 || total
-------------------------+-------+-------+-------+-------++-------
Melee: Hand axe          |    28 |   134 |       |       ||   162
       War axe           |       |     6 |   162 |   441 ||   609
Invok: Berserk           |     1 |     6 |     2 |    17 ||    26
       Trog's Hand       |       |     1 |     2 |    16 ||    19
       Brothers in Arms  |       |       |       |     3 ||     3
 Abil: Stop Flying       |       |       |       |     1 ||     1
  Use: Potion            |       |     3 |     1 |     1 ||     5
       Scroll            |       |       |       |    20 ||    20
 Stab: Invisible         |       |     4 |    12 |       ||    16
  Eat: Chunk             |       |     8 |    13 |    22 ||    43
       Fruit             |       |       |       |     3 ||     3
       Beef jerky        |       |       |       |     2 ||     2
